 Dungeon Crawl Stone Soup version 0.27.1-3-gb3d3a73c9e (webtiles) character file.

Game seed: 13720294298148733659

63 horus123 the Cudgeller (level 3, 0/34 HPs)
             Began as a Deep Dwarf Berserker on Oct 15, 2021.
             Was a Believer of Trog.
             Slain by a white imp (3 damage)
             ... summoned by Natasha
             ... on level 2 of the Dungeon.
             The game lasted 00:02:31 (858 turns).

horus123 the Cudgeller (Deep Dwarf Berserker)        Turns: 858, Time: 00:02:33

Health: 0/34       AC:  6    Str: 21    XL:     3   Next: 89%
Magic:  3/3        EV: 10    Int:  7    God:    Trog [**....]
Gold:   38         SH:  0    Dex: 12    Spells: 2/2 levels left

rFire    . . .     SeeInvis .   a - +0 mace
rCold    . . .     Faith    .   (no shield)
rNeg     . . .     Spirit   .   e - +0 scale mail
rPois    .         Reflect  .   (no helmet)
rElec    .         Harm     .   (no cloak)
rCorr    .         Rampage  .   (no gloves)
Will     .....                  (no boots)
Stlth    ..........             (no amulet)
HPRegen  0.00/turn              (no ring)
MPRegen  0.08/turn              (no ring)

@: slowed, very slow
A: damage resistance, heal wounds, sense surroundings 1, no regeneration
a: Heal Wounds, Renounce Religion, Berserk, Trog's Hand


You were on level 2 of the Dungeon.
You worshipped Trog.
Trog was pleased with you.
You visited 1 branch of the dungeon, and saw 2 of its levels.

You collected 38 gold pieces.

Inventory:

Hand Weapons
 a - a +0 mace (weapon)
Armour
 b - a +0 animal skin
 e - a +0 scale mail (worn)
Potions
 c - a potion of cancellation {unknown}
 d - a potion of flight {unknown}


   Skills:
 + Level 3.1 Fighting
 + Level 4.0 Maces & Flails
 + Level 2.4 Armour
 + Level 2.7 Dodging
 + Level 0.8 Stealth


You had 2 spell levels left.
You didn't know any spells.
Your spell library was empty.

Dungeon Overview and Level Annotations

Branches:
Dungeon (2/15)

Altars:

Annotations:
D:2 Natasha


Innate Abilities, Weirdness & Mutations

You are resistant to damage.
You can heal yourself by infusing magical energy.
You passively map a small area around you.
You do not regenerate.


Message History

The crimson imp hits you but does no damage.
The quokka bites you but does no damage.
You see here a rat corpse.
You hit Natasha.
Natasha is lightly wounded.
Natasha claws you. The quokka closely misses you.
The crimson imp blinks!
Natasha completely misses you. The quokka closely misses you.
You closely miss Natasha.
Natasha is lightly wounded.
The crimson imp picks up a beetle and eats it.
The crimson imp hits you.
* * * LOW HITPOINT WARNING * * *
Natasha casts a spell.
The quokka bites you but does no damage.
Natasha claws you but does no damage.
The crimson imp shouts, "Back with thee, thou foisting fen-sucked scavenger!"
The crimson imp closely misses you. The quokka barely misses you.
Okay, then.
You hit Natasha.
Natasha is moderately wounded.
The quokka barely misses you.
The crimson imp blinks!
The crimson imp barely misses you. Natasha claws you but does no damage.
The white imp hits you. The white imp freezes you.
* * * LOW HITPOINT WARNING * * *
The quokka bites you. Natasha closely misses you.
The crimson imp barely misses you.
You fail to use your ability.
The quokka twitches its whiskers.
The quokka bites you. The white imp hits you. The white imp freezes you.
* * * LOW HITPOINT WARNING * * *
The crimson imp barely misses you. Natasha claws you but does no damage.
The quokka barely misses you. The white imp closely misses you.
You barely miss Natasha.
Natasha is moderately wounded.
The crimson imp hits you but does no damage.
Natasha stares at you and mumbles some strange words.
You resist with some effort. The quokka misses you. The white imp hits you.
* * * LOW HITPOINT WARNING * * *
The white imp freezes you.
You die...

,
,.#######################
............,.......†...
, ...........# #..#######
.......?...# #..#∩#∩#∩# ,
...........####....._...
.................#∩#∩#∩#
,
...........####..#######
.......)r..# ##.....<###
.......@...###..........
,
.####.5h5.......#....##.
, #..#......5......##. ,
#........##...#÷.##. *
##.##.............#.
.................... , ,
....#...#.###.#......
#####...#.#*#.#...... **
....... .........


You could see Natasha, 2 crimson imps, a white imp (summoned) and a quokka.

Vanquished Creatures
  Natasha (D:2)
  3 dart slugs
  An endoplasm (D:1)
  A giant cockroach (D:1)
  3 goblins
  A hobgoblin (D:1)
  4 jackals (D:1)
  2 kobolds (D:1)
  3 ball pythons
  4 bats
  5 frilled lizards
  5 rats
33 creatures vanquished.

Notes
Turn   | Place    | Note
-------+----------+-------------------------------------------
     0 | D:1      | horus123 the Deep Dwarf Berserker began the quest for the
                  | Orb.
     0 | D:1      | Reached XP level 1. HP: 20/20 MP: 1/1
   113 | D:1      | Reached XP level 2. HP: 16/27 MP: 2/2
   562 | D:1      | Reached ** piety under Trog
   600 | D:1      | Reached XP level 3. HP: 29/33 MP: 3/3
   724 | D:2      | Found a faded altar of an unknown god.
   821 | D:2      | Noticed Natasha
   837 | D:2      | Killed Natasha
   838 | D:2      | Reached skill level 4 in Maces & Flails
   847 | D:2      | Noticed Natasha
   858 | D:2      | Slain by a white imp

Illustrated notes

Levels and vault maps discovered:
D:1:      shiori_shiawase, layout_loops_ring
D:2:      layout_basic, ebering_ecumenical_altar_hall, hex_tiny,
          minmay_stone_trees_small, uniq_natasha

Skill      XL: |  1  2  3 |
---------------+----------+-----
Fighting       | 3 |  3.1
Maces & Flails | 4 |  4.0
Armour         | |  2.4
Dodging        | |  2.7
Stealth        | |  0.8

Action                   || total
-------------------------++-------
Melee: Mace              ||   105
 Abil: Heal Wounds       ||     1
  Use: Scroll            ||     2
 Stab: Sleeping          ||     1
Armor: Animal skin       ||    29
       Scale mail        ||    20
Dodge: Dodged            ||   102
